[Event "Polish University-ch Open 2024"]
[Site "Lublin"]
[Date "2024.02.24"]
[Round "9.11"]
[White "Pniaczek, Marek"]
[Black "Hrymowicz, Artur"]
[Result "1-0"]
[ECO "B51"]
[WhiteElo "2116"]
[BlackElo "2131"]
[Annotator "ChessBase"]
[PlyCount "65"]
[EventDate "2024.02.22"]
[EventType "swiss"]
[EventCountry "POL"]
[SourceTitle "playchess.com"]
[Source "ChessBase"]
[SourceQuality "1"]
[TimeControl "600+3"]

1. e4 c5 2. Nf3 d6 3. Bb5+ Nd7 4. O-O a6 5. Bd3 Ngf6 6. c3 e6 7. Re1 Be7 8. Bc2 O-O 9. d4 b5 10. a4 Bb7 11. e5 Nd5 12. axb5 axb5 13. Rxa8 Qxa8 14. Qd3 g6 15. Qxb5 Bc6 16. Qe2 cxd4 17. exd6 Bxd6 18. Nxd4 Nf4 19. Bxf4 Bxf4 20. Nxc6 Qxc6 21. g3 Bh6 22. Be4 Qc7 23. Nd2 Nc5 24. Bg2 Rd8 25. Nf3 Bg7 26. Qc4 Qb6 27. Nd4 e5 28. Nc6 Re8 29. b4 Nd7 30. Bd5 Rf8 31. Rd1 Nf6 32. Bxf7+ Kh8 33. Nxe5 1-0

[Event "Polish University-ch Open 2024"]
[Site "Lublin"]
[Date "2024.02.24"]
[Round "9.12"]
[White "Golenia, Jan"]
[Black "Kulesza, Andrzej"]
[Result "0-1"]
[ECO "E80"]
[WhiteElo "2221"]
[BlackElo "2076"]
[Annotator "ChessBase"]
[PlyCount "130"]
[EventDate "2024.02.22"]
[EventType "swiss"]
[EventCountry "POL"]
[SourceTitle "playchess.com"]
[Source "ChessBase"]
[SourceQuality "1"]
[TimeControl "600+3"]

1. d4 Nf6 2. c4 g6 3. Nc3 Bg7 4. e4 d6 5. f3 c6 6. Nge2 Nbd7 7. Bg5 O-O 8. Qd2 Re8 9. Be3 e5 10. d5 Qc7 11. g4 a6 12. Ng3 Rb8 13. h4 b5 14. h5 bxc4 15. g5 Nxh5 16. Nxh5 gxh5 17. Bxc4 cxd5 18. Bxd5 Nf8 19. Rxh5 Be6 20. Kf2 Rec8 21. Bxe6 fxe6 22. Rd1 Rd8 23. b3 Qf7 24. Rh3 Rd7 25. Qd3 d5 26. Bc1 Rc8 27. Rhh1 Ng6 28. Bd2 dxe4 29. Qxe4 Rxd2+ 30. Rxd2 Rxc3 31. Rd8+ Bf8 32. Rhd1 Qa7+ 33. Kg3 Qe7 34. R1d7 Qxg5+ 35. Kf2 Rc1 36. Rd1 Rxd1 37. Rxd1 Bc5+ 38. Ke2 Nf4+ 39. Kd2 Nd5+ 40. Kd3 Nb4+ 41. Kc4 Bf8 42. a3 Nd5 43. Re1 Bd6 44. b4 Qg2 45. Kb3 h5 46. Rc1 Kg7 47. Rc2 Qg6 48. Qh4 Be7 49. Qh3 Qd3+ 50. Kb2 Qf5 51. Rg2+ Kf7 52. Qg3 Bf6 53. Qg8+ Ke7 54. Qa8 e4+ 55. Ka2 Qxf3 56. Qb7+ Kd6 57. Qxa6+ Ke5 58. Rc2 Qd1 59. Qc4 Kf5 60. Rf2+ Nf4 61. Qc7 Qa1+ 62. Kb3 Qb1+ 63. Ka4 Qd1+ 64. Ka5 Bd8 65. Rxf4+ Kg5 0-1

[Event "Polish University-ch Open 2024"]
[Site "Lublin"]
[Date "2024.02.24"]
[Round "9.13"]
[White "Musial, Tomasz"]
[Black "Jarzebowski, Kacper"]
[Result "1-0"]
[ECO "C45"]
[WhiteElo "2171"]
[BlackElo "2135"]
[Annotator "RC"]
[PlyCount "61"]
[EventDate "2024.02.22"]
[EventType "swiss"]
[EventCountry "POL"]
[SourceTitle "playchess.com"]
[Source "ChessBase"]
[SourceQuality "1"]
[TimeControl "600+3"]

1. e4 e5 2. Nf3 Nc6 3. d4 exd4 4. Nxd4 Nf6 5. Nxc6 bxc6 6. Bd3 d5 7. exd5 cxd5 8. O-O Be7 9. c4 d4 10. b4 O-O 11. b5 Bb7 12. a4 a6 13. Bb2 axb5 14. cxb5 Qd5 15. f3 Rfd8 16. Nd2 c5 17. Nc4 Qg5 18. a5 Nd5 19. Bc1 Qh4 20. a6 Bc8 21. Qe1 Qf6 22. Qe4 g6 23. Qe5 Nc3 24. Qxf6 Bxf6 25. Nb6 Rb8 26. a7 Rxb6 27. a8=Q c4 28. Bxc4 Be6 29. Qa5 Bxc4 30. Qxb6 d3 31. Qxf6 1-0

[Event "Polish University-ch Open 2024"]
[Site "Lublin"]
[Date "2024.02.24"]
[Round "9.14"]
[White "Redzisz, Michal"]
[Black "Babiarz, Arkadiusz"]
[Result "0-1"]
[ECO "B41"]
[WhiteElo "2229"]
[BlackElo "2159"]
[Annotator "TA"]
[PlyCount "78"]
[EventDate "2024.02.22"]
[EventType "swiss"]
[EventCountry "POL"]
[SourceTitle "playchess.com"]
[Source "ChessBase"]
[SourceQuality "1"]
[TimeControl "600+3"]

1. e4 c5 2. Nf3 e6 3. d4 cxd4 4. Nxd4 a6 5. c4 Nf6 6. Nc3 Qc7 7. a3 b6 8. Bd3 Bb7 9. O-O d6 10. Be3 Nbd7 {[%emt 0:00:04][%cal Bb8d7,Bd7e5,Be5d3][%mdl 32] White is slightly better.} 11. f3 Ne5 12. Rc1 Nxd3 13. Qxd3 Be7 14. b4 Rc8 15. Na4 {[%emt 0:00:25][%cal Oa4b6] Threatening Nxb6!} Nd7 16. Nb3 O-O 17. Qe2 Bc6 18. Nb2 Qb8 19. Rfd1 Bd8 20. Bf4 Bc7 21. Qd2 Ne5 22. Bxe5 dxe5 23. c5 f5 24. Qe2 Qa8 25. cxb6 (25. exf5 $11 Bd5 26. Nd2 exf5 (26... Rxf5 27. Nd3 $14) 27. Nbc4) 25... Bxb6+ $15 26. Nc5 fxe4 27. fxe4 Bxe4 28. Nba4 Ba7 29. Qg4 $2 {[%emt 0:00:50] [#]} (29. Kh1 $17 Bc6 30. Nb2) 29... Bd5 {[%emt 0:00:37] A strong pair of Bishops.} (29... Rf6 $19 {is more deadly.} 30. Rd2 Qc6) 30. Rd2 $2 {[%emt 0:00:15][%mdl 8192] Now White is beyond hope.} (30. Nc3 $17) 30... Rf4 31. Qg5 Rf5 (31... Qc6 $142 32. Nb2 Qxc5+ 33. bxc5 Rxc5 34. Qd8+ Rf8 35. Qxf8+ Kxf8 36. Rxc5 Bxc5+ 37. Kf1 Bxa3 38. Rf2+ Ke7) 32. Qe7 (32. Qe3 $142) 32... Rcf8 $40 {[%emt 0:00:07][%mdl 128] Black is out for blood.} 33. Rcd1 $2 (33. Nc3) 33... R5f7 $19 34. Qd6 Bb3 35. Qxe5 Bxa4 (35... Bxd1 $142 36. Rxd1 Qc6) 36. Re1 Bb3 37. h3 Bd5 {[%emt 0:00:20] [#] Hoping for ...Qc6.} 38. Re3 Rf1+ 39. Kh2 Bb8 {[%emt 0:00:00] Weighted Error Value: White=1.01/Black=0.53.  Loses game:     	White=2     	---        Missed win:     	---       	Black=1      Mistake:       	White=3     	Black=1      Inaccurate:     	White=4     	Black=5      OK:         	White=5     	Black=9      Best:        	White=1     	Black=1} 0-1

[Event "Polish University-ch Open 2024"]
[Site "Lublin"]
[Date "2024.02.24"]
[Round "9.15"]
[White "Lis, Mateusz"]
[Black "Molenda, Marcin"]
[Result "1/2-1/2"]
[ECO "B33"]
[WhiteElo "2019"]
[BlackElo "2377"]
[Annotator "TA"]
[PlyCount "48"]
[EventDate "2024.02.22"]
[EventType "swiss"]
[EventCountry "POL"]
[SourceTitle "playchess.com"]
[Source "ChessBase"]
[SourceQuality "1"]
[TimeControl "600+3"]

1. e4 c5 2. Nf3 Nc6 3. d4 cxd4 4. Nxd4 Nf6 5. Nc3 e5 6. Ndb5 d6 7. Bg5 a6 8. Na3 b5 9. Nd5 Be7 10. Bxf6 Bxf6 11. c4 b4 12. Nc2 a5 13. Be2 O-O 14. O-O Bg5 15. Bg4 Be6 {[%emt 0:00:06] The position is equal.} 16. g3 Bh6 17. b3 g6 18. Bxe6 fxe6 19. Nde3 (19. Qd3 $5) 19... Bxe3 20. fxe3 Qe7 21. Qg4 (21. Qd2 $11 {remains equal.}) 21... Rae8 $17 22. Rxf8+ Rxf8 23. Rf1 Rf7 24. Rf4 $2 {[%mdl 8192] [#]} Rxf4 $2 {[%emt 0:00:00] Weighted Error Value: White=0.62/Black=0.06 (flawless) .  Loses game:     	White=1     	---        Missed win:     	---       	Black=1      Mistake:       	White=1     	---        Inaccurate:     	---       	Black=1      OK:         	White=4     	Black=4} ({Black should try} 24... exf4 $19 25. exf4 Qf6) 1/2-1/2

[Event "Polish University-ch Open 2024"]
[Site "Lublin"]
[Date "2024.02.24"]
[Round "9.16"]
[White "Brozyna, Mateusz"]
[Black "Bilczewski, Kacper"]
[Result "0-1"]
[ECO "C01"]
[WhiteElo "2259"]
[BlackElo "2139"]
[Annotator "TA"]
[PlyCount "122"]
[EventDate "2024.02.22"]
[EventType "swiss"]
[EventCountry "POL"]
[SourceTitle "playchess.com"]
[Source "ChessBase"]
[SourceQuality "1"]
[TimeControl "600+3"]

1. e4 e6 2. d4 d5 3. exd5 exd5 4. Nf3 Nf6 5. Bd3 Bd6 6. Qe2+ Qe7 7. Qxe7+ Bxe7 8. Bf4 c6 9. O-O O-O 10. Re1 {[%emt 0:00:05] Schwarz hat schwache schwarze Felder. Weiß hat minimalen Vorteil.} Re8 11. Nbd2 Bg4 12. h3 Bh5 (12... Bxf3 $14 13. Nxf3 Nbd7) 13. Ne5 Nbd7 14. g4 Bg6 $1 15. Nxg6 hxg6 16. Kg2 Nf8 17. c3 Ne6 18. Bg3 (18. Rxe6 $5 fxe6 19. Bxg6 $16) 18... Bf8 19. Nf3 Re7 20. Re2 Rae8 21. Rae1 g5 22. Bd6 Nf4+ 23. Bxf4 gxf4 24. Rxe7 Rxe7 25. Bf5 Rxe1 26. Nxe1 $16 {[%emt 0:00:02][%mdl 4096] Endspiel. KBN-KBN} Ne4 27. Kf3 Nd2+ 28. Ke2 Nc4 29. b3 Nd6 30. h4 Be7 31. Ng2 Nb5 32. Nxf4 Nxc3+ 33. Kf3 (33. Ke3 $11) 33... Nxa2 ({Auf keinen Fall} 33... Bxh4 34. a4 $15) (33... Nb5 $1 $17 34. Ke3 Bxh4) 34. Bc8 b6 35. Nd3 $1 {[%emt 0:00:01] Es drohte Nc1} c5 36. g5 ({Günstiger ist} 36. dxc5 $15 bxc5 37. Bb7) 36... c4 $1 $17 37. bxc4 dxc4 38. Ne5 c3 {[%emt 0:00:00] Und jetzt ...c2 wäre schön.} 39. Bf5 g6 40. Be4 Nb4 41. Nd3 (41. Ke3 $17 {war nötig.}) 41... Nxd3 42. Bxd3 $19 {[%emt 0:00:02] [#] KB-KB} Bd6 (42... a5 $1 $19 {ist viel giftiger. Droht ...a4 und aus.} 43. Bc2 b5) 43. Ke4 (43. Ke2 $142) 43... Kf8 (43... a5 $17 44. Bc2 Bb4) 44. f4 (44. Bc2 $15) 44... Ke7 ({Vorzuziehen ist} 44... a5 $19 {Und ...a4 würde nun gewinnen.} 45. Bc2 Ke7) 45. f5 {[%emt 0:00:03] [#]} Bg3 $1 46. fxg6 (46. Kd5 $17 {ist eine bessere Verteidigung.}) 46... fxg6 47. Kf3 $2 (47. Kd5) 47... Bxh4 48. Bxg6 Bxg5 49. Ke2 Kd6 {[%emt 0:00:13] Droht stark ...Bd2.} 50. Kd3 Bd2 51. Kc4 a6 {[%emt 0:00:02] Weiss muss nun ...b5+ beachten.} 52. Be4 $2 (52. Kd3) 52... b5+ 53. Kb3 a5 {[%emt 0:00:02] Schwarz setzt Matt.} 54. Bd3 a4+ 55. Ka3 Kc6 56. Bc2 Be3 57. Be4+ Kb6 58. d5 Kc5 59. d6 Kxd6 60. Kb4 Bd2 61. Kxb5 a3 {[%emt 0:00:01] Gewichteter Fehlerwert: Weiß=0.70/Schwarz=0.18 (sehr präzise) .  Fehler:       	Weiß=7     	Schwarz=5     Ungenau:       	Weiß=7     	Schwarz=1     OK:         	Weiß=8     	Schwarz=13    Bester:       	Weiß=2     	Schwarz=2     Stark:        	Weiß=1     	Schwarz=1} 0-1

[Event "Polish University-ch Open 2024"]
[Site "Lublin"]
[Date "2024.02.24"]
[Round "9.17"]
[White "Chaczynski, Kamil"]
[Black "Marczuk, Dominik"]
[Result "0-1"]
[ECO "B52"]
[WhiteElo "2118"]
[BlackElo "2283"]
[Annotator "TA"]
[PlyCount "102"]
[EventDate "2024.02.22"]
[EventType "swiss"]
[EventCountry "POL"]
[SourceTitle "playchess.com"]
[Source "ChessBase"]
[SourceQuality "1"]
[TimeControl "600+3"]

1. e4 c5 2. Nf3 d6 3. Bb5+ Bd7 4. Bxd7+ Nxd7 5. O-O Ngf6 6. Qe2 e6 7. c3 Be7 8. d4 cxd4 9. cxd4 d5 10. e5 Ne4 11. Rd1 Qb6 12. Ne1 {[%emt 0:00:50] Droht stark f3.} f6 13. f3 {[%emt 0:00:19] Weiß steht etwas besser.} Ng5 14. exf6 Bxf6 15. Be3 O-O 16. Nc3 Nf7 17. Qb5 Rfd8 18. Rac1 Rac8 19. b3 Nd6 20. Qxb6 Nxb6 21. g4 g6 22. Nd3 Nd7 23. Kg2 b6 24. Kg3 Nb8 25. h4 Nc6 26. Ne2 Nb5 27. Ndf4 Kf7 28. a4 Nd6 29. Nd3 Na5 30. Ne5+ Ke7 31. Rxc8 (31. b4 $14 Ndc4 32. Rd3 Nxe3 (32... Bxe5+ 33. dxe5 Nxe3 34. Rxc8 $11) 33. Rxc8 Rxc8 34. Rxe3) 31... Rxc8 $11 32. Rb1 {[%emt 0:00:09] Ab hier gerät Weiß ins Schliddern.} ({Besser ist} 32. b4 $15 Nc6 33. Nd3) 32... Rc2 $17 33. Nf4 (33. Kf2 $17) 33... Rc3 $19 34. Re1 (34. b4 Nac4 (34... Rxe3 35. bxa5 Bxe5 36. dxe5 $17) 35. Nxc4 Nxc4) 34... Nxb3 {[%emt 0:00:00] Weiss muss nun ...Bxe5 beachten.} ({Schwächer ist} 34... Rxb3 35. Ned3 $17) 35. g5 $2 (35. Ned3) 35... Bxe5 36. dxe5 Nf5+ 37. Kf2 Rc4 {[%emt 0:00:14][%cal Od5d4] [#] ...d4! wäre nun fies.} 38. h5 (38. Rb1 $142 d4 39. Bd2 Nxd2 40. Rb2) 38... gxh5 39. Nxh5 Rxa4 40. Nf6 d4 41. Bf4 Nc5 42. Nxh7 {[%emt 0:00:02] [#]} (42. Rd1 $19) 42... Nd3+ {[%emt 0:00:01] Hervorragende Reitkunst.} 43. Kf1 Nxe1 (43... Nxf4 $142 44. Re2 Ng3+ (44... Nxe2 $2 45. Kxe2 Ra2+ 46. Kd3 $19) 45. Kf2 Nh1+ (45... Ngxe2 $2 46. g6 $19) 46. Kg1 Nxe2+ 47. Kxh1 d3 48. Kg2 d2 (48... Nf4+ {ist ein Selbstmatt.} 49. Kg3 d2 50. Nf6 d1=Q 51. Ne4 Nh5+ 52. Kg2 Ra1 53. Kf2 Ra2+ 54. Nd2 Rxd2+ 55. Ke3 Re2#) 49. Nf8 Nf4+ (49... d1=B $2 50. Nh7 $19) 50. Kg3 d1=Q (50... d1=R {führt zum Matt.} 51. Kf2 Rd2+ 52. Kg3 Rg2+ 53. Kh4 Ra1 54. Ng6+ Nxg6+ 55. Kh5 Kf7 56. Kh6 Rh2#) 51. Ng6+ Nxg6 52. Kh2 Ra2+ (52... Nxe5 53. Kh3 Qxf3+ 54. Kh2 Rh4+ 55. Kg1 Rh1#) 53. Kg3 Qg1+ 54. Kh3 Rh2#) 44. Kxe1 {[%emt 0:00:02][%mdl 4096] Endspiel. KRN-KBN} Ra2 45. g6 Rg2 46. Bg5+ Kd7 {[%emt 0:00:05] ...Kc6 ist eine echte Drohung.} 47. f4 d3 {[%emt 0:00:03] Schwarz setzt Matt.} 48. Nf6+ Kc6 49. Kf1 d2 50. Kxg2 d1=Q 51. g7 Nxg7 {[%emt 0:00:03] Gewichteter Fehlerwert: Weiß=0.69/Schwarz=0.46.  Fehler:       	Weiß=5     	---        Ungenau:       	Weiß=2     	Schwarz=2     OK:         	Weiß=10    	Schwarz=13    Bester:       	Weiß=1     	Schwarz=4} 0-1

[Event "Polish University-ch Open 2024"]
[Site "Lublin"]
[Date "2024.02.24"]
[Round "9.18"]
[White "Radecki, Adam"]
[Black "Hasterok, Mateusz"]
[Result "0-1"]
[ECO "C00"]
[WhiteElo "2064"]
[BlackElo "2150"]
[Annotator "ChessBase"]
[PlyCount "62"]
[EventDate "2024.02.22"]
[EventType "swiss"]
[EventCountry "POL"]
[SourceTitle "playchess.com"]
[Source "ChessBase"]
[SourceQuality "1"]
[TimeControl "600+3"]

1. e4 c5 2. d3 Nc6 3. Nd2 e6 4. g3 Nf6 5. Bg2 d5 6. Ngf3 Be7 7. O-O O-O 8. c3 b5 9. Re1 a5 10. h4 dxe4 11. dxe4 Bb7 12. Qc2 Ng4 13. e5 c4 14. a4 Qb6 15. Re2 Bc5 16. Ne4 Rad8 17. axb5 Qxb5 18. Nfg5 g6 19. Nf6+ Nxf6 20. exf6 Rfe8 21. h5 Bf8 22. hxg6 hxg6 23. Be4 Rd3 24. b3 Red8 25. bxc4 Rd1+ 26. Kh2 Qxc4 27. Nxf7 Kxf7 28. Bxg6+ Kg8 29. Be4 Qc5 30. Bf3 Ne7 31. fxe7 Qh5+ 0-1